 Dungeon Crawl Stone Soup version 0.32-a0-485-g70f7560b1c (webtiles) character file.

Game seed: 10380467302950462026

74 Asceticacid the Insei (level 4, -2/21 HPs)
             Began as a Vine Stalker Shapeshifter on Feb 26, 2024.
             Slain by Crazy Yiuf
             ... wielding a +2 quarterstaff of chaos
              (8 damage)
             ... on level 2 of the Dungeon.
             The game lasted 00:01:37 (1807 turns).

Asceticacid the Insei (Vine Stalker Shapeshifter)   Turns: 1807, Time: 00:01:38

Health: -2/21      AC:  2    Str: 16    XL:     4   Next: 30%
Magic:  0/5        EV: 12    Int: 10    God:
Gold:   83         SH:  0    Dex: 16    Spells: 3/3 levels left

rFire   . . .        f - +0 whip (elec)
rCold   . . .        (no shield)
rNeg    . . .        a - +0 animal skin
rPois   .            (helmet currently unavailable)
rElec   .            (cloak currently unavailable)
rCorr   .            (gloves currently unavailable)
SInv    .            (boots currently unavailable)
Will    .....        (no amulet)
Stlth   +            (no ring)
HPRegen 1.03/turn    (no ring)
MPRegen 0.09/turn

%: guardian spirit
@: beast-form
A: beast (slay +1), fangs 2, regeneration 1, magic shield, antimagic bite, no
potion heal 2
a: Begin Untransformation


You were on level 2 of the Dungeon.
You were a hulking beast.
You visited 1 branch of the dungeon, and saw 2 of its levels.

You collected 83 gold pieces.

Inventory:

Hand Weapons
 f - a +0 whip of electrocution (weapon)
Armour
 a - a +0 animal skin (worn)
Jewellery
 g - a ring of wizardry
Talismans
 c - a beast talisman (active)
 d - a flux talisman
Scrolls
 e - 2 scrolls of revelation {unknown}
 h - a scroll of identify {unknown}
 j - a scroll of enchant weapon {unknown}
 l - a scroll of amnesia {unknown}
Potions
 b - 2 potions of lignification
 i - 2 potions of brilliance {unknown}
 k - 2 potions of haste {unknown}


   Skills:
 - Level 0.8 Fighting
 + Level 2.0 Maces & Flails
 - Level 1.5 Dodging
 - Level 4.2 Unarmed Combat
 - Level 3.0 Shapeshifting


You had 3 spell levels left.
You didn't know any spells.
Your spell library contained the following spells:

 Spells                   Type           Power      Damage    Failure   Level
 Apportation              Tloc           0%         N/A       36%         1
 Necrotise                Necr           0%         1d4       36%         1
 Sting                    Conj/Alch      0%         1d3       36%         1
 Summon Small Mammal      Summ           0%         N/A       36%         1
 Jinxbite                 Hex            0%         N/A       50%         2
 Stone Arrow              Conj/Erth      0%         3d7       75%         3
 Animate Armour           Summ/Erth      0%         N/A       98%         4
 Yara's Violent Unravell  Hex/Alch       0%         3d3       100%        5
 Enfeeble                 Hex            0%         N/A       100%        7
 Lehudib's Crystal Spear  Conj/Erth      0%         10d2      100%        8


Dungeon Overview and Level Annotations

Branches:
Dungeon (2/15)

Altars:

Shops:
D:1 (

Annotations:
D:2 Crazy Yiuf


Innate Abilities, Weirdness & Mutations

You are a hulking beast.
Your limbs bulge with bestial killing power. (Slay +1)
You have extremely sharp teeth.
Your natural rate of healing is unusually fast.
When hurt, damage is shared between your health and your magic reserves.
Your bite disrupts and absorbs the magic of your enemies.
Potions cannot restore your health.


Message History

You kill the ball python!
No target in view!
No target in view!
You open the door.
There is an open door here.
You open the door.
There is an open door here.
l - a scroll labelled BUATWA VEKHLEIS
There is an open door here.
There is an open door here.
A quokka comes into view.
A quokka is nearby!
A quokka is nearby!
A quokka is nearby!
You closely miss the quokka. The quokka barely misses you.
You hit the quokka. Lightning courses through the quokka!
You kill the quokka!
There is an open door here.
There is a stone staircase leading down here.
There is a stone staircase leading down here.
You see here a +1 dagger of venom.
Crazy Yiuf shouts!
Could not explore, unopened runed door.
Could not explore, unopened runed door.
Could not explore, unopened runed door.
As you open the door, it creaks loudly!
You hit Crazy Yiuf.
Crazy Yiuf is moderately wounded.
Crazy Yiuf misses you.
You hit Crazy Yiuf.
Crazy Yiuf is heavily wounded.
Crazy Yiuf hits you with a +2 quarterstaff of chaos!
Ouch! That really hurt!
Crazy Yiuf burns you.
* * * LOW HITPOINT WARNING * * *
You barely miss Crazy Yiuf. You bite Crazy Yiuf. You drain his power.
You feel invigorated.
Crazy Yiuf is heavily wounded.
Crazy Yiuf hits you with a +2 quarterstaff of chaos!
You die...

#.#......# #...########..######.#
#.#......# #...# ######..######.#
#.#......# #...# #...............
#.#......# ##### ########........
#.#......# #........ #.#......#
#######..###..# #.##.....# ###
###.#...##.# #..# .........#
#...##..#.......# #... .........#
#...gh####......# #..# .......###
#)..### ##..#..# #..# #...#....#
### #####.###..# ..#....###
#...#..# .###.#.# #.#.#..#
..#....###################.#.#..#
#...#....................#.#.#..#
..#....######.###..###...#.#....#
.###...# #............#.##...#


You could see Crazy Yiuf.

Vanquished Creatures
  An adder (D:2)
  A ribbon worm (D:2)
  4 dart slugs (D:1)
  An endoplasm (D:2)
  A giant cockroach (D:1)
  6 goblins
  3 hobgoblins
  13 jackals (D:1)
  4 quokkas
  2 ball pythons
  4 bats
  A frilled lizard (D:1)
  2 kobolds
  3 rats (D:1)
46 creatures vanquished.

Notes
Turn   | Place    | Note
-------+----------+-------------------------------------------
     0 | D:1      | Asceticacid the Vine Stalker Shapeshifter began the quest
                  | for the Orb.
     0 | D:1      | Reached XP level 1. HP: 9/9 MP: 2/2
    10 | D:1      | Found Pubetut's Weapon Shop.
    82 | D:1      | Reached XP level 2. HP: 14/14 MP: 1/3
   235 | D:1      | Reached skill level 4 in Unarmed Combat
   248 | D:1      | Reached XP level 3. HP: 17/17 MP: 0/4
   578 | D:1      | Reached skill level 1 in Maces & Flails
   992 | D:2      | Reached XP level 4. HP: 21/21 MP: 5/5
  1287 | D:2      | Found a runed translucent door.
  1288 | D:2      | Noticed Crazy Yiuf
  1807 | D:2      | Slain by Crazy Yiuf

Illustrated notes

Levels and vault maps discovered:
D:1:      spicycebolla_arrival_xxxplode, layout_loops_ring, serial_shops,
          nicolae_shop_hallway_stairs, chequers_serial_rivers_micro_e,
          st_stairs_10
D:2:      layout_basic, minmay_misc_feat_four_crosses, uniq_crazy_yiuf_cottage

Skill      XL: |  1  2  3  4 |
---------------+-------------+-----
Unarmed Combat | 4 |  4.2
Maces & Flails | 1 2 |  2.0
Fighting       | |  0.8
Dodging        | |  1.5
Shapeshifting  | |  3.0

Action                     |  1- 3 |  4- 6 || total
---------------------------+-------+-------++-------
  Melee: Unarmed           |    48 |       ||    48
         Bite              |    25 |     6 ||    31
         Whip              |    42 |    29 ||    71
   Stab: Sleeping          |     2 |     1 ||     3
 Armour: Animal skin       |    43 |    13 ||    56
  Dodge: Dodged            |    58 |    14 ||    72

Table legend: (Time is in decaauts)
 A = Elapsed time spent in this place.
 B = Non-inter-level travel time spent in this place.
 C = Inter-level travel time spent in this place.
 D = Time resting spent in this place.
 E = Time spent auto-exploring this place.
 F = Levels seen in this place.
 G = Mean time per level.
                   A        B        C        D        E       F      G
               +--------+--------+--------+--------+--------+-----+--------+
         Total |   1806 |   1760 |     46 |      0 |   1427 |   2 |  903.0 |
       Dungeon |   1806 |   1760 |     46 |      0 |   1427 |   2 |  903.0 |
               +--------+--------+--------+--------+--------+-----+--------+

Top non-repeatable levels by time:
     D:2: 934 daAuts
     D:1: 872 daAuts
